Unix NetHack Version 5.0.0-0 post-release - last build May 17 2026 04:57:42 (dc50c8380fa5e20985bfe3072449f57b8d9895ef,branch:main).

Game began 2026-05-19 12:30:24, ended 2026-05-19 12:44:24.

FutureTim, lawful female human Valkyrie

                                                                        ---
                                                                       ..F.-
                                                                       ..)@..
                                                                       -<d e.-
                                                                       ---.!..
                                                                         -...-
                                                                          ..-




Latest messages:
 The gnome lord hits!
 The gnome lord hits!
 You climb up the stairs.
 The little dog misses the large kobold.
 Are you waiting to get hit?  Use 'm' prefix to force a no-op (to rest).
 Are you waiting to get hit?  Use 'm' prefix to force a no-op (to rest).
 Are you waiting to get hit?  Use 'm' prefix to force a no-op (to rest).
 Are you waiting to get hit?  Use 'm' prefix to force a no-op (to rest).
 Are you waiting to get hit?  Use 'm' prefix to force a no-op (to rest).
 Are you waiting to get hit?  Use 'm' prefix to force a no-op (to rest).
 You kill the large kobold!
 Welcome to experience level 3.
 You feel stealthy!
 You descend the stairs.
 The little dog misses the gnome lord.
 The gnome lord misses!
 The little dog bites the gnome lord.
 You hit the gnome lord!
 Your hands no longer glow so brightly red.
 The gnome lord appears confused.
 The little dog bites the gnome lord.
 The gnome lord hits the little dog.
 The gnome lord misses!
 You kill the gnome lord!
 Your little dog eats a gnome lord corpse.
 The gnome lord hits!
 You miss the gnome lord.
 The gnome lord hits!
 You hit the gnome lord!
 Your hands no longer glow so brightly red.
 The gnome lord appears confused.
 The gnome lord misses ccheon01's ghost.
 You miss the gnome lord.
 You see here a statue of a lichen.
 The gnome lord misses the dog.
 You miss the floating eye.
 You are frozen by the floating eye's gaze!
 The gnome lord misses!
 The gnome lord escapes upstairs!
 Ccheon01's ghost touches you!
 The dog bites!
 The dog bites!
 The dog's candle is consumed!
 Its flame dies.
 Ccheon01's ghost touches you!
 The dog bites!
 The dog bites!
 The dog bites!
 Ccheon01's ghost touches you!
 You die...

Inventory:
 Coins    ('$')
  $ - 38 gold pieces
 Weapons  (')')
  b - a +0 dagger (alternate weapon; not wielded)
  a - a +1 spear (weapon in right hand)
 Armor    ('[')
  h - an uncursed +0 orcish helm (being worn)
  c - an uncursed +3 small shield (being worn)
  m - an uncursed +0 ring mail (being worn)
 Comestibles  ('%')
  d - 2 uncursed food rations
  q - a cursed melon
 Spellbooks  ('+')
  l - an uncursed spellbook of healing
 Wands    ('/')
  g - a wand of polymorph (0:6)
  p - a wand of speed monster (0:7)
 Tools    ('(')
  e - an uncursed oil lamp
 Gems/Stones  ('*')
  i - 2 uncursed worthless pieces of violet glass

FutureTim the Valkyrie's attributes:

Background:
 You were a Skirmisher, a level 3 human Valkyrie.
 You were lawful, nominally on a mission for Tyr
 who was opposed by Odin (neutral) and Loki (chaotic).
 You were right-handed.
 You were in the Gnomish Mines, on level 4.
 You entered the dungeon 1066 turns ago.
 There was a new moon in effect when your adventure ended.
 You had 56 experience points, 24 more were needed to attain level 4.

Basics:
 You had 0 out of 30 hit points.
 You had all 7 energy points (spell power).
 Your armor class was 2.
 Your wallet contained 38 zorkmids.
 Autopickup was off.

Final Characteristics:
 Your strength was 18/04 (limit:18/100).
 Your dexterity was 11 (limit:18).
 Your constitution was 16 (limit:18).
 Your intelligence was 7 (limit:18).
 Your wisdom was 11 (limit:18).
 Your charisma was 8 (limit:18).

Final Status:
 You weren't hungry.
 You were unencumbered.
 You were wielding a spear.
 You had basic skill with spear.

Final Attributes:
 You were devoutly aligned.
 You were cold resistant.
 You would have confused monsters when hitting them.
 You were stealthy.
 You were warded.
 You are dead.

Miscellaneous:
 You encountered 1 bones level.
 Total elapsed playing time was 13 minutes and 41 seconds.

Major events:
 Turn
    1: FutureTim the lawful human Valkyrie entered the dungeon
  965: entered the Gnomish Mines
 1050: attained the rank of Skirmisher (level 3)
 1066: killed by the ghost of ccheon01, while frozen by a floating eye's gaze

 Fighting Skills
   bare handed combat [Unskilled]
   two weapon combat  [Unskilled]
   riding             [Unskilled]
 Weapon Skills
   dagger             [Basic]
   axe                [Unskilled]
   pick-axe           [Unskilled]
   short sword        [Unskilled]
   broadsword         [Unskilled]
   long sword         [Unskilled]
   two-handed sword   [Unskilled]
   saber              [Unskilled]
   hammer             [Unskilled]
   quarterstaff       [Unskilled]
   polearms           [Unskilled]
   spear              [Basic]
   trident            [Unskilled]
   lance              [Unskilled]
   sling              [Unskilled]
 Spellcasting Skills
   attack spells      [Unskilled]
   escape spells      [Unskilled]

Voluntary challenges:
 Character rerolling was not enabled.
 You were vegetarian.
 You were an atheist.
 You never genocided any monsters.
 You never polymorphed an object.
 You never changed form.
 You used no wishes.
Achievements:
 You entered a shop.
 You entered the Gnomish Mines.
 You attained the rank of Skirmisher.

 The Dungeons of Doom: levels 1 to 3
    Level 1:
       A fountain.
    Level 2:
       An altar.
    Level 3:
       A weapon shop.
       Stairs down to The Gnomish Mines.
 The Gnomish Mines:
    Level 4: <- You were here.
       A grave.
       Final resting place for
          you, killed by the ghost of ccheon01, while frozen by a floating eye's gaze,
          ccheon01-Val-Hum-Fem-Law, killed by a gnome lord, while frozen by a floating eye's gaze.


Vanquished creatures:
  a shrieker
  a gnome leader
  a large kobold
  a giant rat
  a gecko
  2 jackals
  a goblin
  a sewer rat
  5 grid bugs
  2 lichens
  2 kobold zombies
  4 newts
22 creatures vanquished.

No species were genocided or became extinct.

Game over:
                       ----------
                      /          \
                     /    REST    \
                    /      IN      \
                   /     PEACE      \
                  /                  \
                  |    FutureTim     |
                  |      38 Au       |
                  |  killed by the   |
                  |     ghost of     |
                  |     ccheon01     |
                  |                  |
                  |       2026       |
                 *|     *  *  *      | *
        _________)/\\_//(\/(/\)/\//\/|_)_______

Farvel FutureTim the Valkyrie...

You died in The Gnomish Mines on dungeon level 4 with 419 points,
and 38 pieces of gold, after 1066 moves.
You were level 3 with a maximum of 30 hit points when you died.

